 Dungeon Crawl Stone Soup version 0.30-a0-568-g124715a40b (webtiles) character file.

Game seed: 17106989182530098254

136 jfcaron the Chopper (level 4, 0/35 HPs)
             Began as a Demonspawn Monk on Dec 29, 2022.
             Slain by a black bear (7 damage)
             ... on level 4 of the Dungeon.
             The game lasted 00:02:40 (1244 turns).

jfcaron the Chopper (Demonspawn Monk)               Turns: 1244, Time: 00:02:41

Health: 0/35       AC:  6    Str: 13    XL:     4   Next: 98%
Magic:  4/4        EV: 10    Int: 12    God:
Gold:   78         SH:  0    Dex: 15    Spells: 3/3 levels left

rFire   . . .      SeeInvis .    a - +0 hand axe
rCold   . . .      Faith    .    (no shield)
rNeg    . . .      Spirit   .    m - +0 scale mail
rPois   .          Reflect  .    (no helmet)
rElec   .          Harm     .    (no cloak)
rCorr   .          Rampage  .    (no gloves)
Will    .....                    (no boots)
Stlth   +                        (no amulet)
HPRegen 0.25/turn                (no ring)
MPRegen 0.09/turn                (no ring)

@: no status effects
A: foul stench 1, spiny 1
a: no special abilities


You were on level 4 of the Dungeon.
You visited 1 branch of the dungeon, and saw 3 of its levels.

You collected 78 gold pieces.

Inventory:

Hand Weapons
 a - a +0 hand axe (weapon)
Missiles
 n - 6 poisoned darts (quivered)
 p - a stone
Armour
 b - a +0 robe
 d - a +0 chain mail
 m - a +0 scale mail (worn)
Scrolls
 e - a scroll of blinking {unknown}
 g - 2 scrolls of identify {unknown}
 k - a scroll of immolation {unknown}
 o - a scroll of teleportation {unknown}
Potions
 c - a potion of ambrosia
 f - 2 potions of curing {unknown}
 h - a potion of brilliance {unknown}
 i - 2 potions of mutation {unknown}
 j - a potion of degeneration {unknown}
 l - a potion of attraction {unknown}


   Skills:
 + Level 3.5 Fighting
 * Level 3.7 Axes
 * Level 2.4 Armour
 - Level 3.0 Dodging
 - Level 2.0 Stealth


You had 3 spell levels left.
You didn't know any spells.
Your spell library contained the following spells:

 Spells                   Type           Power      Damage    Failure   Level
 Foxfire                  Conj/Fire      0%         2x1d4     83%         1
 Scorch                   Fire           0%         2d5       92%         2
 Ignite Poison            Fire/Tmut/Pois 0%         N/A       99%         3
 Kindle Blastsparks       Fire/Tloc/Air  0%         2d10      99%         3
 Ozocubu's Armour         Ice            0%         N/A       99%         3
 Flame Wave               Conj/Fire      0%         2d4       100%        4
 Fireball                 Conj/Fire      0%         3d3       100%        5
 Freezing Cloud           Conj/Ice/Air   0%         6-21      100%        5
 Starburst                Conj/Fire      0%         6d3       100%        6
 Summon Cactus Giant      Summ           0%         N/A       100%        6
 Ozocubu's Refrigeration  Ice            0%         4d7       100%        7


Dungeon Overview and Level Annotations

Branches:
Dungeon (2/15)

Altars:


Innate Abilities, Weirdness & Mutations

You may rarely emit foul miasma when damaged in melee.
You are partially covered in sharp spines.


Message History

The hound barks!
The black bear bites you but does no damage.
The black bear claws you.
The black bear claws you but does no damage.
You hit the black bear.
The black bear is severely wounded.
The black bear is struck by your spines.
The black bear bites you. The black bear claws you. The black bear misses you.
You completely miss the black bear.
The black bear is severely wounded.
The black bear closely misses you.
The black bear claws you but does no damage.
The black bear barely misses you.
You hit the black bear.
The black bear is almost dead.
The black bear goes berserk!
You closely miss the black bear.
The black bear is almost dead.
You hit the hound. The hound bites you.
The black bear is struck by your spines.
The black bear misses you. The black bear closely misses you.
The black bear claws you. The hound is struck by your spines.
The hound bites you. The black bear barely misses you.
The black bear claws you.
* * * LOW HITPOINT WARNING * * *
The black bear claws you.
* * * LOW HITPOINT WARNING * * *
You hit the black bear but do no damage.
The black bear is almost dead.
You hit the hound. The hound is struck by your spines.
The hound bites you but does no damage. The black bear closely misses you.
The black bear claws you.
* * * LOW HITPOINT WARNING * * *
The black bear claws you.
* * * LOW HITPOINT WARNING * * *
The hound is struck by your spines. The hound closely misses you.
You barely miss the black bear.
The black bear is almost dead.
You hit the hound but do no damage. The black bear bites you!
You die...

# ###.### ##.## #.#
#.# #.# ...# #.#
#.# #.# #..# #.#
#.# #.## ##..# #.#
.##. #...# #.#
.#.###...####.###.#
(..(.......)......#
.(..(......########
....?.h@...#
.....#h..### ....
#...# ... ###.# ..#
..# ###


You could see a black bear (berserk, poisoned) and a hound.

Vanquished Creatures
  A necrophage (D:4)
  A jelly (D:2)
  A worm (D:2)
  3 dart slugs
  An orc (D:4)
  3 endoplasms
  6 goblins (D:1)
  A hobgoblin (D:1)
  8 jackals (D:1)
  A quokka (D:4)
  A ball python (D:1)
  A bat (D:1)
  3 frilled lizards
  3 kobolds
34 creatures vanquished.

Notes
Turn   | Place    | Note
-------+----------+-------------------------------------------
     0 | D:1      | jfcaron the Demonspawn Monk began the quest for the Orb.
     0 | D:1      | Reached XP level 1. HP: 18/18 MP: 1/1
   130 | D:1      | Gained mutation: You may rarely emit foul miasma when
                  | damaged in melee. [demonic ancestry]
   130 | D:1      | Reached XP level 2. HP: 21/24 MP: 2/2
   231 | D:1      | Reached skill level 1 in Armour
   832 | D:2      | Gained mutation: You are partially covered in sharp spines.
                  | [demonic ancestry]
   832 | D:2      | Reached XP level 3. HP: 20/29 MP: 3/3
   935 | D:2      | Reached XP level 4. HP: 24/35 MP: 4/4
   943 | D:2      | You fall into a shaft and drop 2 floors!
  1000 | D:4      | Noticed a necrophage
  1012 | D:4      | Killed a necrophage
  1230 | D:4      | Noticed a black bear
  1243 | D:4      | HP: 6/35 [black bear (2)]
  1244 | D:4      | Slain by a black bear

Illustrated notes

Levels and vault maps discovered:
D:1:      dpeg_arrival_houses_and_road, layout_basic, serial_curves,
          eino_curves_01, eino_curves_01, eino_curves_03, eino_curves_02
D:2:      layout_loops_ring, minmay_octomino_j4
D:4:      layout_loops_ring, temple_fountains

Skill      XL: |  1  2  3  4 |
---------------+-------------+-----
Armour         | 1 2 |  2.4
Stealth        | 2 |  2.0
Axes           | 3 |  3.7
Dodging        | 3 |  3.0
Fighting       | |  3.5

Action                   |  1- 3 |  4- 6 || total
-------------------------+-------+-------++-------
Melee: Hand axe          |    90 |    24 ||   114
       Punch             |       |     1 ||     1
Throw: Stone             |    14 |       ||    14
       Dart              |       |    10 ||    10
Armor: Chain mail        |    55 |       ||    55
       Scale mail        |     7 |    14 ||    21
Dodge: Dodged            |    30 |    19 ||    49

Table legend: (Time is in decaauts)
 A = Elapsed time spent in this place.
 B = Non-inter-level travel time spent in this place.
 C = Inter-level travel time spent in this place.
 D = Time resting spent in this place.
 E = Time spent auto-exploring this place.
 F = Levels seen in this place.
 G = Mean time per level.
                   A        B        C        D        E       F      G
               +--------+--------+--------+--------+--------+-----+--------+
         Total |   1262 |   1262 |      0 |    135 |    843 |   3 |  420.7 |
       Dungeon |   1262 |   1262 |      0 |    135 |    843 |   3 |  420.7 |
               +--------+--------+--------+--------+--------+-----+--------+

Top non-repeatable levels by time:
     D:1: 889 daAuts
     D:4: 303 daAuts
     D:2: 69 daAuts

Table legend:
 A = Kills in this place as a percentage of kills in entire the game.
 B = Kills by you in this place as a percentage of kills by you in the entire game.
 C = Kills by friends in this place as a percentage of kills by friends in the entire game.
 D = Other kills in this place as a percentage of other kills in the entire game.
 E = Experience gained in this place as a percentage of experience gained in the entire game.
 F = Experience gained in this place divided by the number of levels of this place that you have seen.
                   A       B       C       D       E      F
               +-------+-------+-------+-------+-------+----------------------
         Total | 100.0 | 100.0 |   N/A |   N/A | 100.0 |  65.0
       Dungeon | 100.0 | 100.0 |   N/A |   N/A | 100.0 |  65.0
               +-------+-------+-------+-------+-------+----------------------
